[Event "Titled Tuesday Blitz August 09 Early 2022"]
[White "Srihari L R"]
[Black "Molina, Roberto Junio Brito"]
[WhiteFideId "46617116"]
[BlackFideId "2109450"]
[WhiteElo "2170"]
[BlackElo "2403"]
[Result "1-0"]
[Round "10"]
[TimeControl "180+1"]
[Date "2022.08.09"]
[WhiteClock "0:01:12"]
[BlackClock "0:00:18"]

1. d4 d5 2. c4 c6 3. Nf3 Nf6 4. Qc2 dxc4 5. e4 b5 6. b3 cxb3 7. axb3 e6 8. Bd2 a5 9. Bd3 Be7 10. O-O Bb7 11. Nc3 Na6 12. e5 Nd5 13. Nxd5 Qxd5 14. Be4 Qd7 15. Rxa5 Nb4 16. Rxa8+ Bxa8 17. Bxb4 Bxb4 18. Rc1 Ke7 19. Bxc6 Bxc6 20. Qxc6 Qxc6 21. Rxc6 Rd8 22. Rb6 Rd5 23. Rb7+ Kf8 24. Kf1 h6 25. Ke2 Be7 26. Kd3 g5 27. h3 f6 28. g4 b4 29. Ke4 fxe5 30. Nxe5 Ke8 31. Rb8+ Rd8 32. Rxd8+ Bxd8 33. Nc6 Bb6 34. Nxb4 Kd7 35. Nd3 Ke7 36. b4 Kd6 37. Ne5 Ke7 38. b5 Bc7 39. Nc4 Kd7 40. b6 Bh2 41. Ne5+ Kc8 42. Nf7 Kb7 43. Nxh6 Kxb6 44. Nf7 Bf4 45. Nd8 Kc7 46. Nxe6+ 1-0


[Site "https://www.chess.com"]

[Event "Titled Tuesday Blitz August 09 Early 2022"]
[White "Szpar, Milosz"]
[Black "Sokolovsky, Yahli"]
[WhiteFideId "1184989"]
[BlackFideId "2820242"]
[WhiteElo "2422"]
[BlackElo "1867"]
[Result "1-0"]
[Round "10"]
[TimeControl "180+1"]
[Date "2022.08.09"]
[WhiteClock "0:00:49"]
[BlackClock "0:00:01"]

1. e4 g6 2. d4 Bg7 3. Nf3 d6 4. c3 Nf6 5. Bd3 O-O 6. O-O c6 7. Re1 Qc7 8. e5 dxe5 9. Nxe5 Nbd7 10. Nf3 Nb6 11. Bg5 h6 12. Bh4 Nbd5 13. Nbd2 Nf4 14. Bf1 Bf5 15. Bg3 N6h5 16. Nc4 Rad8 17. Nfe5 c5 18. Qf3 Nxg3 19. hxg3 Nd5 20. dxc5 Qxc5 21. a4 Nb6 22. Nxb6 Qxb6 23. Nc4 Qc7 24. Ne3 Be6 25. Qe4 Rd2 26. Bc4 Bf5 27. Qh4 Rxb2 28. Nd5 Qc5 29. Re3 g5 30. Nxe7+ Kh7 31. Qh5 Be6 32. Bxe6 fxe6 33. Qg6+ Kh8 34. Qxe6 Rbxf2 35. Ng6+ Kh7 36. Nxf8+ Rxf8 37. Kh2 Rf6 38. Qe4+ Kh8 39. Rd1 Rf8 40. Rd7 b6 41. Qg6 Rg8 42. Ree7 g4 43. Qxh6+ 1-0


[Site "https://www.chess.com"]

[Event "Titled Tuesday Blitz August 09 Early 2022"]
[White "Terrieux, Kevin"]
[Black "Samant Aditya S"]
[WhiteFideId "622591"]
[BlackFideId "35080580"]
[WhiteElo "2461"]
[BlackElo "1968"]
[Result "0-1"]
[Round "10"]
[TimeControl "180+1"]
[Date "2022.08.09"]
[WhiteClock "0:00:39"]
[BlackClock "0:00:14"]

1. d4 Nf6 2. f3 d5 3. e4 dxe4 4. Nc3 Bf5 5. fxe4 Nxe4 6. Qf3 Nd6 7. Bf4 Nc6 8. O-O-O Bg6 9. d5 Nb4 10. a3 Nxc2 11. Bxd6 Qxd6 12. Bb5+ Kd8 13. Ne4 Qb6 14. Kxc2 Qxb5 15. Ne2 Qa4+ 16. Kd3 Bxe4+ 17. Qxe4 Qxe4+ 18. Kxe4 g6 19. Rhf1 Ke8 20. Rc1 Rc8 21. Nc3 a6 22. Na4 f5+ 23. Kd3 Rd8 24. Kc4 b5+ 0-1


[Site "https://www.chess.com"]

[Event "Titled Tuesday Blitz August 09 Early 2022"]
[White "Veiga, Jose Francisco R P Neves"]
[Black "Hua, Lefong"]
[WhiteFideId "1930087"]
[BlackFideId "2602253"]
[WhiteElo "2273"]
[BlackElo "2597"]
[Result "0-1"]
[Round "10"]
[TimeControl "180+1"]
[Date "2022.08.09"]
[WhiteClock "0:02:10"]
[BlackClock "0:01:34"]

1. e4 c5 2. Nf3 g6 3. Bc4 Bg7 4. c3 e6 5. d4 cxd4 6. cxd4 d5 7. exd5 exd5 8. Bb3 Ne7 9. h3 O-O 10. O-O Nbc6 11. Nc3 Nf5 12. Nxd5 Nfxd4 13. Nxd4 Nxd4 14. Bf4 Ne6 15. Bg3 Bxb2 16. Rb1 Bg7 17. Re1 Bd7 18. Bc4 Bc6 19. Nb4 Qxd1 20. Rexd1 Be4 21. Rbc1 Bb2 22. Nd5 Bxd5 23. Bxd5 Bxc1 24. Rxc1 Rac8 25. Re1 b6 26. Bxe6 fxe6 27. Rxe6 Rc2 28. Re7 Rxa2 29. Be5 Rfxf2 30. Rg7+ Kf8 31. Rxh7 Rxg2+ 32. Kh1 Rge2 33. Bd6+ Kg8 0-1


[Site "https://www.chess.com"]

[Event "Titled Tuesday Blitz August 09 Early 2022"]
[White "Vifleemskaia, Svetlana"]
[Black "Vasques, Antonio Pedro Freixial"]
[WhiteFideId "4129490"]
[BlackFideId "1908332"]
[WhiteElo "1929"]
[BlackElo "2243"]
[Result "1/2-1/2"]
[Round "10"]
[TimeControl "180+1"]
[Date "2022.08.09"]
[WhiteClock "0:00:04"]
[BlackClock "0:00:12"]

1. d4 Nf6 2. c4 e6 3. Nc3 Bb4 4. e3 O-O 5. Ne2 d5 6. a3 Bd6 7. cxd5 exd5 8. g3 c6 9. Bg2 Re8 10. O-O Bf5 11. f3 Bg6 12. Nf4 Nbd7 13. Nxg6 hxg6 14. e4 dxe4 15. fxe4 Qb6 16. Kh1 Rad8 17. e5 Nxe5 18. dxe5 Bxe5 19. Qf3 Rd7 20. Bf4 Bxf4 21. Qxf4 Qxb2 22. Na4 Qd2 23. Nc5 Qxf4 24. Rxf4 Rde7 25. Bf3 b6 26. Nd3 c5 27. Kg2 g5 28. Ra4 Rd8 29. Nf2 Rd2 30. Rd1 Rxd1 31. Nxd1 a5 32. Rc4 Rd7 33. g4 Rd2+ 34. Nf2 Nd7 35. Re4 Ra2 36. Re8+ Kh7 37. Re7 Nf6 38. Re3 g6 39. Kg3 Kg7 40. Ne4 Nxe4+ 41. Bxe4 b5 42. Bd5 Rd2 43. Bc6 b4 44. axb4 axb4 45. Rb3 f5 46. h3 Kf6 47. gxf5 gxf5 48. h4 gxh4+ 49. Kxh4 Ke5 50. Kg3 Kd4 51. Bb5 Rc2 52. Kf4 Rf2+ 53. Kg3 Ra2 54. Kf4 Ra1 55. Kxf5 Rf1+ 56. Ke6 Re1+ 57. Kd6 Rd1 58. Kc6 c4 59. Rxb4 Kc3 60. Rxc4+ Kb3 61. Rc5 Ka3 62. Rc4 Rh1 63. Kb6 Rh2 64. Rc5 Kb2 65. Bc4 Rc2 66. Kb5 Kc1 67. Kb4 Rh2 68. Rd5 Rg2 69. Rd4 Rh2 70. Rd3 Rf2 71. Kc3 Rc2+ 72. Kb3 Rh2 73. Kc3 Rc2+ 74. Kd4 Rh2 75. Bb3 Rf2 76. Kc3 Rc2+ 77. Kb4 Rh2 78. Rc3+ Kb1 79. Rd3 Kc1 80. Rd1+ Kb2 81. Rd4 Kc1 82. Kc3 Rh3+ 83. Kc4 Rh2 84. Rd1+ Kb2 85. Rd4 Kc1 86. Rd1+ Kb2 87. Rd3 Kc1 88. Kc3 Rc2+ 89. Bxc2 1/2-1/2


[Site "https://www.chess.com"]

[Event "Titled Tuesday Blitz August 09 Early 2022"]
[White "Vlassov, Nikolai"]
[Black "Chernomordik, Pavel"]
[WhiteFideId "4103360"]
[BlackFideId "2804530"]
[WhiteElo "2324"]
[BlackElo "2217"]
[Result "1/2-1/2"]
[Round "10"]
[TimeControl "180+1"]
[Date "2022.08.09"]
[WhiteClock "0:00:42"]
[BlackClock "0:00:07"]

1. e4 g6 2. h4 d5 3. exd5 Nf6 4. Bb5+ c6 5. dxc6 Nxc6 6. Nc3 Bg7 7. d3 a6 8. Bxc6+ bxc6 9. Nge2 Rb8 10. b3 Nd5 11. Bb2 O-O 12. O-O Bg4 13. f3 Qb6+ 14. Rf2 Bd7 15. Nxd5 cxd5 16. Bxg7 Kxg7 17. Qd2 Qf6 18. Raf1 Qxh4 19. g3 Qb4 20. Qxb4 Rxb4 21. c4 Bf5 22. Rd1 Rd8 23. Nd4 Bd7 24. a3 Rb7 25. c5 Rc7 26. b4 e5 27. Ne2 a5 28. f4 f6 29. fxe5 fxe5 30. d4 axb4 31. axb4 Rb8 32. dxe5 Rxb4 33. Nf4 Rxc5 34. Nd3 Rd4 35. Nxc5 Rxd1+ 36. Kh2 Bf5 37. Rb2 d4 38. Rb7+ Kh6 39. e6 Re1 40. Rd7 Bxe6 41. Nxe6 Rxe6 42. Rxd4 Kg5 43. Kh3 h5 44. Rd5+ Kh6 45. Rc5 Re3 46. Rb5 Re6 47. Ra5 g5 48. Rb5 Kg6 49. Ra5 Rf6 50. Rb5 Rf5 51. Rb6+ Kf7 52. Rb7+ Ke6 53. Rb6+ Ke5 54. Rb5+ Ke4 55. Rb4+ Kd3 56. Rb3+ Kc4 57. Re3 Kd4 58. Ra3 Rd5 59. Ra4+ Ke5 60. Rb4 Kf5 61. Ra4 Ke5 62. Rb4 Rd4 63. Rb5+ Kf6 64. Rb6+ Kf5 65. Rb5+ Kf6 66. Rb6+ Ke5 67. Rb5+ Rd5 68. Rb4 1/2-1/2


[Site "https://www.chess.com"]

[Event "Titled Tuesday Blitz August 09 Early 2022"]
[White "Volkov, Maksim"]
[Black "Jeet, Jain"]
[WhiteFideId "54123070"]
[BlackFideId "5073022"]
[WhiteElo "2155"]
[BlackElo "2055"]
[Result "0-1"]
[Round "10"]
[TimeControl "180+1"]
[Date "2022.08.09"]
[WhiteClock "0:00:19"]
[BlackClock "0:00:19"]

1. d4 Nf6 2. c4 g6 3. g3 Bg7 4. Bg2 O-O 5. Nc3 c6 6. e4 d6 7. Nf3 Qa5 8. O-O e5 9. a3 Nbd7 10. b4 Qc7 11. h3 a5 12. Be3 Re8 13. Re1 exd4 14. Nxd4 Ne5 15. Qb3 Be6 16. Nxe6 Rxe6 17. c5 dxc5 18. bxc5 Ned7 19. Rab1 Bf8 20. Na4 Nxe4 21. Bf4 Nexc5 22. Qxe6 Qxf4 23. Nxc5 fxe6 24. gxf4 Nxc5 25. Red1 Be7 26. Rd4 a4 27. Bf3 Nb3 28. Rd7 Bxa3 29. Rxb7 Nd2 30. Bxc6 Nxb1 31. Rxb1 Ra6 32. Rb8+ Kg7 33. Bb5 Ra5 34. Bc4 Bd6 35. Rb7+ Kf6 36. Rb6 Bxf4 37. Rxe6+ Kg5 38. Ra6 Rxa6 39. Bxa6 a3 40. Bc4 Bd6 41. Kg2 Kf4 42. Bf7 Ke5 43. Kf3 Kd4 44. Kg4 Be7 45. f4 Kc3 46. f5 h5+ 47. Kf4 g5+ 48. Ke5 Kb2 49. Ke4 a2 50. Bxa2 Kxa2 51. Kf3 Kb3 52. Kg3 Kc4 53. h4 g4 0-1


[Site "https://www.chess.com"]

[Event "Titled Tuesday Blitz August 09 Early 2022"]
[White "Vovk, Orest"]
[Black "Harsh Suresh"]
[WhiteFideId "14113490"]
[BlackFideId "45018464"]
[WhiteElo "2203"]
[BlackElo "2070"]
[Result "0-1"]
[Round "10"]
[TimeControl "180+1"]
[Date "2022.08.09"]
[WhiteClock "0:00:08"]
[BlackClock "0:00:39"]

1. h3 e5 2. g4 d5 3. Bg2 c6 4. d4 e4 5. c4 Nf6 6. Nc3 Be6 7. Qb3 Qd7 8. Bf4 dxc4 9. Qd1 Bb4 10. a3 Ba5 11. e3 Nd5 12. Ne2 Bxc3+ 13. bxc3 f5 14. Be5 O-O 15. Qd2 Qf7 16. Nf4 Nd7 17. Bd6 Nxf4 18. Bxf4 Nf6 19. gxf5 Bxf5 20. Qe2 b5 21. Be5 Nd5 22. Qc2 Rae8 23. O-O-O Rxe5 24. dxe5 Qe7 25. Rd4 Qxa3+ 26. Kd2 Bxh3 27. Bxh3 Rxf2+ 28. Kd1 Qa1+ 29. Qc1 Nxc3+ 30. Ke1 Re2+ 0-1


[Site "https://www.chess.com"]

[Event "Titled Tuesday Blitz August 09 Early 2022"]
[White "Wagner, Dennis"]
[Black "Xu, Yi"]
[WhiteFideId "24650684"]
[BlackFideId "8605564"]
[WhiteElo "2355"]
[BlackElo "2471"]
[Result "0-1"]
[Round "10"]
[TimeControl "180+1"]
[Date "2022.08.09"]
[WhiteClock "0:00:12"]
[BlackClock "0:00:15"]

1. e4 c5 2. Nf3 d6 3. d4 cxd4 4. Nxd4 Nf6 5. Nc3 a6 6. f3 e5 7. Nb3 Be6 8. Be3 h5 9. Nd5 Bxd5 10. exd5 Nbd7 11. Qd2 g6 12. O-O-O Nb6 13. Bd3 Nfxd5 14. Bg5 Be7 15. Bxe7 Nxe7 16. Be4 d5 17. Bd3 Qc7 18. Qg5 O-O-O 19. Kb1 Rhe8 20. h4 Kb8 21. c3 Nc6 22. Rhe1 Qe7 23. Qg3 Qf6 24. Nd4 Nxd4 25. cxd4 Qf4 26. Qxf4 exf4 27. b3 Kc7 28. Kc2 Kd6 29. Kd2 Nd7 30. Rxe8 Rxe8 31. Rc1 Nb8 32. b4 Nc6 33. b5 axb5 34. Bxb5 Ra8 35. a4 Nxd4 36. Rb1 Nc6 37. Kc3 Re8 38. Bd3 Rc8 39. Kd2 Kc7 40. Rb5 Rd8 41. Bc2 Nd4 42. Rb4 Ne6 43. Bb3 Rd6 44. a5 f6 45. Bc2 g5 46. Bg6 gxh4 47. Bxh5 d4 48. Bg4 Nc5 49. Rc4 Kc6 50. Bf5 Kb5 51. Rc1 Nb3+ 52. Kc2 Nxc1 53. Kxc1 Kxa5 54. Kd2 Kb4 55. Bd3 Kc5 0-1


[Site "https://www.chess.com"]

[Event "Titled Tuesday Blitz August 09 Early 2022"]
[White "Weetik, Vjacheslav"]
[Black "Demchenko, Anton"]
[WhiteFideId "4153472"]
[BlackFideId "4160258"]
[WhiteElo "2469"]
[BlackElo "2539"]
[Result "1-0"]
[Round "10"]
[TimeControl "180+1"]
[Date "2022.08.09"]
[WhiteClock "0:00:10"]
[BlackClock "0:00:02"]

1. e4 c5 2. Nf3 Nc6 3. Bb5 d6 4. Bxc6+ bxc6 5. e5 f6 6. exd6 e5 7. d3 Bxd6 8. Nc3 Ne7 9. Nd2 O-O 10. Nc4 Bc7 11. Be3 Nd5 12. Bxc5 Rf7 13. Ne4 Be6 14. O-O Nf4 15. Be3 g5 16. b3 Kh8 17. Qd2 Bd5 18. f3 Rg7 19. Rae1 Ne6 20. Bf2 Qe7 21. Ne3 Qd8 22. Bg3 f5 23. Nxf5 Rg6 24. Qc3 Ba5 25. b4 Bb6+ 26. Kh1 Kg8 27. Bxe5 h5 28. Nf6+ Kf7 29. Nxh5 Qd7 30. f4 g4 31. Nfg3 Rh6 32. f5 Ng5 33. Bg7 Rh7 34. Qf6+ Kg8 35. Qxg5 Rxg7 36. Nxg7 Qxg7 37. Qf4 Bd4 38. f6 Qxf6 39. Qxf6 Bxf6 40. Rxf6 1-0


[Site "https://www.chess.com"]

[Event "Titled Tuesday Blitz August 09 Early 2022"]
[White "Williams, Simon K"]
[Black "Krzywda, Andrzej"]
[WhiteFideId "404454"]
[BlackFideId "1114565"]
[WhiteElo "2468"]
[BlackElo "2098"]
[Result "1-0"]
[Round "10"]
[TimeControl "180+1"]
[Date "2022.08.09"]
[WhiteClock "0:00:04"]
[BlackClock "0:00:02"]

1. e4 c5 2. a3 g6 3. h4 h6 4. Nc3 Nc6 5. f4 d6 6. Bc4 Nf6 7. h5 Bg4 8. Be2 gxh5 9. Nf3 d5 10. e5 Ne4 11. Nxe4 dxe4 12. Nh4 Bxe2 13. Qxe2 Qd5 14. c3 O-O-O 15. Nf5 e6 16. Ng3 Rg8 17. Nxe4 Be7 18. Rxh5 c4 19. b3 Na5 20. bxc4 Nxc4 21. d4 Rg6 22. Kf1 Rdg8 23. Rh2 h5 24. Ra2 h4 25. Qf3 Kb8 26. Rf2 Qb5 27. Kg1 Qb1 28. Rf1 Qc2 29. Nf2 h3 30. g4 Qa4 31. g5 Rh8 32. Rxh3 Rxh3 33. Nxh3 Rg8 34. Nf2 Rh8 35. Kg2 Qe8 36. Qd3 Nb6 37. Rh1 Nd5 38. Rxh8 Qxh8 39. Qh3 Qg8 40. Qh6 Qc8 41. Qh3 Nxc3 42. Qf3 Nd5 43. Bd2 Qc2 44. Qe2 Qf5 45. Kg3 Bxa3 46. Qf3 Be7 47. Be1 Qc2 48. Ne4 Qc4 49. Bf2 1-0


[Site "https://www.chess.com"]

[Event "Titled Tuesday Blitz August 09 Early 2022"]
[White "Winterberg, Lukas"]
[Black "Ziatdinov, Raset"]
[WhiteFideId "24622702"]
[BlackFideId "2015323"]
[WhiteElo "2349"]
[BlackElo "2220"]
[Result "1-0"]
[Round "10"]
[TimeControl "180+1"]
[Date "2022.08.09"]
[WhiteClock "0:01:35"]
[BlackClock "0:01:29"]

1. d4 Nf6 2. Nf3 g6 3. c4 Bg7 4. Nc3 d6 5. e4 O-O 6. Be2 Nc6 7. O-O e5 8. d5 Ne7 9. Bg5 h6 10. Bd2 Nh5 11. Re1 f5 12. Nh4 Nf4 13. Bxf4 exf4 14. exf5 g5 15. Ng6 Nxg6 16. fxg6 Bf5 17. Bd3 Qf6 18. Qc2 Rae8 19. Rxe8 Rxe8 20. Bxf5 Re5 21. Be6+ Kh8 22. h3 c6 23. Rd1 cxd5 24. cxd5 f3 25. g3 Rxe6 26. dxe6 Qxe6 27. Qe4 Qd7 28. Kh2 b6 29. Qxf3 1-0


[Site "https://www.chess.com"]

[Event "Titled Tuesday Blitz August 09 Early 2022"]
[White "Yurovskykh, Oleksandr"]
[Black "Wieczorek, Oskar"]
[WhiteFideId "14134020"]
[BlackFideId "1133950"]
[WhiteElo "2292"]
[BlackElo "2302"]
[Result "0-1"]
[Round "10"]
[TimeControl "180+1"]
[Date "2022.08.09"]
[WhiteClock "0:00:01"]
[BlackClock "0:00:14"]

1. d4 c6 2. Bf4 Qa5+ 3. Nd2 Qd8 4. Ngf3 Qa5 5. e3 Qd8 6. Bd3 d6 7. O-O Nd7 8. h3 g6 9. Bh2 Bg7 10. c3 Qa5 11. e4 Qd8 12. Re1 Nb8 13. c4 Nf6 14. Qc2 Nfd7 15. e5 dxe5 16. Nxe5 Nxe5 17. dxe5 Na6 18. Qc3 Nc5 19. Bc2 O-O 20. b4 Ne6 21. Rad1 Qc7 22. Ne4 a5 23. a3 axb4 24. axb4 c5 25. bxc5 Qc6 26. Rd5 Nc7 27. Rd2 Bf5 28. g4 Bxe4 29. Bxe4 Qxc5 30. Bxb7 Ra3 31. Qd4 Qb4 32. Bg2 Ne6 33. Qb2 Rb3 34. Qa2 Bh6 35. Rde2 Bf4 36. Qa6 Rb2 37. Qb5 Qxb5 38. cxb5 Rxb5 39. Rd1 Rc8 40. Bd5 Bxh2+ 41. Kxh2 Nf4 42. Red2 Kg7 43. Bf3 Rc3 44. Bg2 Rxe5 45. Rd4 g5 0-1


[Site "https://www.chess.com"]

[Event "Titled Tuesday Blitz August 09 Early 2022"]
[White "Zaichenko, Daria"]
[Black "Matveeva, Olga"]
[WhiteFideId "4197453"]
[BlackFideId "24107018"]
[WhiteElo "2039"]
[BlackElo "2052"]
[Result "1-0"]
[Round "10"]
[TimeControl "180+1"]
[Date "2022.08.09"]
[WhiteClock "0:01:59"]
[BlackClock "0:01:05"]

1. e4 e6 2. d4 d5 3. Nd2 c5 4. c3 cxd4 5. cxd4 dxe4 6. Nxe4 Nc6 7. Nf3 Bb4+ 8. Bd2 Bxd2+ 9. Qxd2 Nf6 10. Bd3 O-O 11. O-O Bd7 12. Rad1 Nd5 13. Nc5 b6 14. Nxd7 Qxd7 15. Ne5 Qd6 16. f4 Nxd4 17. Bxh7+ Kxh7 18. Qxd4 Rac8 19. f5 Qc5 20. Qxc5 bxc5 21. Rf3 Rfd8 22. Nxf7 Rd7 23. Rh3+ Kg8 24. fxe6 Re7 25. Rh8# 1-0


[Site "https://www.chess.com"]

[Event "Titled Tuesday Blitz August 09 Early 2022"]
[White "Zenin, Dmitry"]
[Black "Sailer, Mike"]
[WhiteFideId "4127897"]
[BlackFideId "2012901"]
[WhiteElo "2215"]
[BlackElo "2109"]
[Result "1-0"]
[Round "10"]
[TimeControl "180+1"]
[Date "2022.08.09"]
[WhiteClock "0:00:30"]
[BlackClock "0:00:01"]

1. c4 c6 2. d4 d5 3. cxd5 cxd5 4. Bf4 Nf6 5. Nc3 a6 6. e3 Nc6 7. Rc1 e6 8. Bd3 Bd6 9. Bxd6 Qxd6 10. f4 b5 11. Nf3 Bb7 12. O-O O-O 13. Ne5 Ne7 14. Qf3 Rac8 15. g4 Ng6 16. g5 Ne4 17. Nxe4 dxe4 18. Bxe4 Bxe4 19. Qxe4 Rxc1 20. Rxc1 Nxe5 21. fxe5 Qb4 22. Qc2 Qe7 23. Qg2 g6 24. Rc5 h6 25. h4 hxg5 26. Qxg5 Qb7 27. h5 Qf3 28. h6 Qd1+ 29. Kf2 Qd2+ 30. Kf3 Qd1+ 31. Kg2 Qe2+ 32. Kh3 Kh7 33. Qf4 Qh5+ 34. Kg3 Qh1 35. Qf3 Qxh6 36. Rc7 Qg5+ 37. Kf2 Qh4+ 38. Qg3 Qh5 39. Qf3 Qh2+ 40. Kf1 1-0


[Site "https://www.chess.com"]

[Event "Titled Tuesday Blitz August 09 Early 2022"]
[White "Zou, Chen"]
[Black "Aldokhin, Ivan"]
[WhiteFideId "8610959"]
[BlackFideId "24115720"]
[WhiteElo "2276"]
[BlackElo "2246"]
[Result "1-0"]
[Round "10"]
[TimeControl "180+1"]
[Date "2022.08.09"]
[WhiteClock "0:00:20"]
[BlackClock "0:00:02"]

1. d4 Nf6 2. c4 g6 3. Nf3 Bg7 4. g3 d6 5. Bg2 O-O 6. O-O Nbd7 7. Nc3 e5 8. Qc2 exd4 9. Nxd4 Re8 10. Rd1 a6 11. b3 Rb8 12. Bb2 Ne5 13. h3 h5 14. c5 dxc5 15. Nc6 Nxc6 16. Rxd8 Rxd8 17. Bxc6 bxc6 18. Rd1 Bxh3 19. Rxd8+ Rxd8 20. Qc1 Bg4 21. f3 Bc8 22. Na4 Re8 23. Kf2 a5 24. Nxc5 Rd8 25. Nd3 Ba6 26. Qxc6 Rd6 27. Qxc7 Re6 28. Nf4 Re8 29. Qc6 Rc8 30. Qxa6 Ng4+ 31. fxg4 1-0


[Site "https://www.chess.com"]

[Event "Titled Tuesday Blitz August 09 Early 2022"]
[White "parintele_chess"]
[Black "Mika, Tomasz"]
[BlackFideId "1132970"]
[WhiteElo "2224"]
[BlackElo "2126"]
[Result "1-0"]
[Round "10"]
[TimeControl "180+1"]
[Date "2022.08.09"]
[WhiteClock "0:00:59"]
[BlackClock "0:02:23"]

1. d4 b5 2. Nf3 Bb7 3. Bf4 h6 4. h4 g6 5. e3 Bg7 6. Bxb5 Nf6 7. Bd3 O-O 8. c4 c5 9. Nc3 cxd4 10. exd4 d5 11. O-O dxc4 12. Bxc4 Nc6 13. Qd2 Rc8 14. Bxh6 Nxd4 15. Nxd4 Rxc4 16. Bxg7 Rxd4 17. Qh6 Nh7 18. Bxf8 Rg4 19. Qg7# 1-0


[Site "https://www.chess.com"]

[Event "Titled Tuesday Blitz August 09 Early 2022"]
[White "Agasarov, Benik"]
[Black "Zenin, Dmitry"]
[WhiteFideId "13314823"]
[BlackFideId "4127897"]
[WhiteElo "2152"]
[BlackElo "2215"]
[Result "1/2-1/2"]
[Round "11"]
[TimeControl "180+1"]
[Date "2022.08.09"]
[WhiteClock "0:01:13"]
[BlackClock "0:00:09"]

1. e4 g6 2. d4 Bg7 3. Nc3 d6 4. Be3 a6 5. a4 b6 6. f3 Nd7 7. Qd2 Bb7 8. h4 h5 9. Bc4 c5 10. Nh3 cxd4 11. Bxd4 Ngf6 12. Ng5 O-O 13. Nd5 Rc8 14. Ba2 Bxd5 15. Bxd5 Nxd5 16. Bxg7 Kxg7 17. exd5 Nf6 18. b3 b5 19. axb5 axb5 20. O-O Rc5 21. Ne4 Rxd5 22. Qc3 Qb6+ 23. Kh1 Qd4 24. Qxd4 Rxd4 25. Nxf6 Kxf6 26. Ra5 b4 27. Rb5 Rc8 28. Rf2 Rxh4+ 29. Kg1 Rd4 30. Re2 Rc7 31. Kf2 e6 32. g3 Rc3 33. Kg2 d5 34. Rb7 Rd1 35. Rxb4 Rc1 36. Rf4+ Ke7 37. Rb4 R1xc2 38. Rxc2 Rxc2+ 39. Kh3 Rf2 40. f4 Rb2 41. Rb7+ Kf6 42. b4 d4 43. b5 d3 44. b6 d2 45. Rd7 Rxb6 46. Rxd2 Rb3 47. Re2 Rf3 48. Re5 Rd3 49. Ra5 Rd5 50. Ra6 Kg7 51. Kh4 e5 52. f5 Rd4+ 53. Kh3 Rg4 54. f6+ Kh6 55. Ra7 Rg5 56. Rxf7 Rf5 57. Rf8 Kg5 58. f7 e4 59. Re8 Rxf7 60. Rxe4 Ra7 61. Rc4 Ra3 62. Rc5+ Kh6 63. Kh4 Rb3 1/2-1/2


[Site "https://www.chess.com"]

[Event "Titled Tuesday Blitz August 09 Early 2022"]
[White "Aldokhin, Ivan"]
[Black "Jaskolka, Tomasz"]
[WhiteFideId "24115720"]
[BlackFideId "1170791"]
[WhiteElo "2246"]
[BlackElo "2073"]
[Result "1-0"]
[Round "11"]
[TimeControl "180+1"]
[Date "2022.08.09"]
[WhiteClock "0:00:16"]
[BlackClock "0:00:16"]

1. e4 c5 2. Nf3 e6 3. d4 cxd4 4. Nxd4 Nc6 5. Nc3 Qc7 6. Nxc6 Qxc6 7. Bd3 a6 8. O-O Nf6 9. e5 Nd5 10. Bd2 Nxc3 11. Bxc3 d6 12. exd6 Bxd6 13. Qg4 Bd7 14. Rad1 O-O-O 15. Bxg7 h5 16. Qe2 Rhg8 17. Be4 Qc7 18. Rxd6 Qxd6 19. Bf6 Rde8 20. Rd1 Qf4 21. Be5 Qg4 22. Bf3 Qa4 23. Rd4 Qxa2 24. Bxb7+ Kd8 25. Rxd7+ Kxd7 26. Qd3+ Qd5 27. Bxd5 exd5 28. Qxd5+ Kc8 29. Qc6+ Kd8 30. Qc7# 1-0


[Site "https://www.chess.com"]

[Event "Titled Tuesday Blitz August 09 Early 2022"]
[White "Altman, Joshua"]
[Black "Azarov, Sergei"]
[WhiteFideId "426210"]
[BlackFideId "13501470"]
[WhiteElo "1945"]
[BlackElo "2494"]
[Result "0-1"]
[Round "11"]
[TimeControl "180+1"]
[Date "2022.08.09"]
[WhiteClock "0:00:01"]
[BlackClock "0:00:14"]

1. d4 f5 2. Nc3 Nf6 3. Bg5 d5 4. Bxf6 exf6 5. e3 Be6 6. Bd3 Qd7 7. Nge2 Nc6 8. a3 g6 9. Na4 Bf7 10. b4 b6 11. O-O Be7 12. Nb2 Nd8 13. c4 c6 14. Rc1 O-O 15. cxd5 cxd5 16. Qa4 Qd6 17. Rc2 Be8 18. Bb5 Bf7 19. Rfc1 a5 20. Nd3 Kg7 21. Rc7 Be6 22. Nef4 g5 23. Nxe6+ Qxe6 24. Bd7 Qe4 25. Bxf5 Qxf5 26. Rxe7+ Rf7 27. Qe8 Ra7 28. Rxf7+ Nxf7 29. Ne1 Qd7 30. Qb8 Nd6 31. Nf3 Nc4 0-1


[Site "https://www.chess.com"]

[Event "Titled Tuesday Blitz August 09 Early 2022"]
[White "Andreikin, Dmitry"]
[Black "Nakamura, Hikaru"]
[WhiteFideId "4158814"]
[BlackFideId "2016192"]
[WhiteElo "2736"]
[BlackElo "2850"]
[Result "1/2-1/2"]
[Round "11"]
[TimeControl "180+1"]
[Date "2022.08.09"]
[WhiteClock "0:00:11"]
[BlackClock "0:00:09"]

1. d4 Nf6 2. c4 e6 3. Nf3 d5 4. Nc3 Be7 5. Bf4 O-O 6. e3 Nbd7 7. Be2 dxc4 8. O-O Nb6 9. Ne5 Nfd5 10. Bg3 c5 11. dxc5 Nxc3 12. bxc3 Bxc5 13. a4 a5 14. Qc2 Qe8 15. Rfb1 f6 16. Nxc4 Nxc4 17. Bxc4 b6 18. Rd1 Qe7 19. Qe4 Ra7 20. Qc6 Re8 21. Bd6 Bxd6 22. Qxd6 Qxd6 23. Rxd6 Bd7 24. Rxb6 Rc7 25. Bb5 Bxb5 26. Rxb5 Ra8 27. Ra3 e5 28. g3 Raa7 29. Kg2 Rc4 30. h4 h5 31. Kf3 Rac7 32. Rxa5 Kf7 33. Rb5 Rxc3 34. Rxc3 Rxc3 35. a5 Ke6 36. Rb7 g6 37. a6 Ra3 38. a7 Kf5 39. Rh7 e4+ 40. Kg2 Ra1 41. Re7 Ra2 42. Kf1 g5 43. hxg5 fxg5 44. Kg2 Ra1 45. Rf7+ Kg6 46. Rb7 Kf5 47. Rc7 Ra2 48. Kf1 Ra1+ 49. Kg2 Ra2 50. Rd7 Ra1 51. f4 Ra2+ 52. Kf1 gxf4 53. gxf4 Kg4 54. Ke1 h4 55. Rg7+ Kf3 56. f5 Kxe3 57. Kd1 h3 58. f6 h2 59. Rh7 Rxa7 60. Rh3+ Kd4 61. f7 Rxf7 62. Rxh2 Ra7 63. Rh3 Ra2 64. Ke1 Rb2 65. Rg3 Rc2 66. Rh3 Rg2 67. Ra3 Rb2 68. Rh3 Ke5 69. Rg3 Kf4 70. Ra3 Rc2 71. Rb3 Rg2 72. Ra3 Rh2 73. Rb3 Ra2 74. Rc3 e3 75. Rc8 Ke4 76. Re8+ Kd3 77. Rd8+ Ke4 78. Re8+ Kf4 79. Rf8+ Ke5 80. Re8+ Kd6 81. Rxe3 Ra1+ 82. Kf2 Ra7 83. Rd3+ Kc5 84. Re3 Rh7 85. Rg3 Rh8 86. Rf3 Kd4 87. Rf4+ Kd3 88. Rf7 Rd8 89. Kf3 Kd2 90. Kg4 Rd4+ 91. Rf4 Rd8 92. Rf6 Ke3 93. Re6+ Kf2 94. Rf6+ Kg2 95. Ra6 Rg8+ 96. Kf4 Rf8+ 97. Ke5 Rb8 98. Ra3 Kf2 99. Rc3 Re8+ 100. Kd6 Rh8 101. Ke7 Ke2 102. Ke6 Kd2 103. Rg3 Rh6+ 104. Kf5 Ra6 105. Rg6 Ra5+ 106. Kf6 Ra8 107. Kg5 Ke3 108. Re6+ Kd4 109. Re1 Rg8+ 110. Kf6 Rb8 111. Kf5 Kd3 112. Kf6 Kd2 113. Re7 Ra8 114. Rd7+ Ke3 115. Rb7 Rf8+ 116. Rf7 Ra8 117. Re7+ Kf4 118. Re6 Ra7 119. Re7 Ra1 120. Rb7 Ra6+ 121. Ke7 Ra4 122. Rb5 Re4+ 123. Kd6 Re1 124. Rc5 Rd1+ 125. Rd5 Rh1 126. Rd4+ Ke3 127. Rd5 Rh6+ 128. Ke5 Rh8 129. Rd6 Rh5+ 130. Ke6 Ke4 131. Rd1 1/2-1/2


[Site "https://www.chess.com"]